Mulligans vs Little Stars
Created - February 18, 2021 at 21:48
Goals
|
| Mulligans |
0 |
2 |
3 |
5 |
| Little Stars |
2 |
4 |
1 |
7 |
|
Shots
|
| Mulligans |
3 |
7 |
17 |
27 |
| Little Stars |
8 |
14 |
8 |
30 |
|
1st period
1. Little Stars , Evgeny Kuznetsov 26 (Anton Cederholm 17) at 1:30
2. Little Stars , Reece Willcox 2 (Jesse Joensuu 48, Scott Kosmachuck 43) at 17:23 (PP)
Penalties :
Logan Shaw (Rep) for Holding (Minor) at 8:46, Joonas Donskoi (Rep) for Holding (Minor) at 16:08
2nd period
3. Mulligans , Anton Lander 25 (Logan Shaw 34, Sven Baertschi 19) at 0:16
4. Mulligans , Robby Fabbri 9 (Brandon Carlo 13) at 2:59
5. Little Stars , Jesse Joensuu 38 (Evgeny Kuznetsov 34) at 3:15 (PP)
6. Little Stars , Jason Dickinson 3 (Zach Budish 8, Tyler Wotherspoon 32) at 9:34
7. Little Stars , Evgeny Kuznetsov 27 (Jesse Joensuu 49, Scott Kosmachuck 44) at 17:00
8. Little Stars , Jesse Joensuu 39 (Scott Kosmachuck 45, Evgeny Kuznetsov 35) at 17:29 (PP)
Penalties :
Logan Shaw (Rep) for Hooking (Minor) at 3:12, Sven Baertschi (Rep) for Holding (Minor) at 9:37, Logan Shaw (Rep) for Holding (Minor) at 13:31, Logan Shaw (Rep) for Interference (Minor) at 17:23, Sven Baertschi (Rep) for Hooking (Minor) at 17:37, Christian Wolanin (Rep) for Holding (Minor) at 19:48
3rd period
9. Little Stars , Emile Poirier 4 (Jason Dickinson 11, Zach Budish 9) at 6:11
10. Mulligans , Valeri Nichushkin 7 (Ben Hutton 25) at 8:14
11. Mulligans , Robby Fabbri 10 (Joonas Donskoi 13) at 11:27
12. Mulligans , Robby Fabbri 11 (Ben Hutton 26, Brandon Carlo 14) at 15:44
Penalties :
Ilya Lyubushkin (Rep) for Hooking (Minor) at 8:33, Sebastian Wannstrom (Tex) for Hooking (Minor) at 16:30
Goalie Stats
Calvin Pickard (Rep), 13 saves from 17 shots - (0.765), 29:34 minutes
Juuse Saros (Rep), 10 saves from 13 shots - (0.769), L, 0-8-2, 30:26 minutes
Connor Knapp (Tex), 22 saves from 27 shots - (0.815), W, 13-7-3, 60:00 minutes
Players Stats for Mulligans
Player Name G A P +/- PIM S H SB GA TA FO MP PP MP PK MP
------------------------------------------------------------------------------------
Anton Lander 1 0 1 -1 0 4 3 0 2 1 19/37 25:46 1:04 7:02
Ben Hutton 0 2 2 3 0 3 2 2 2 1 0/0 28:31 1:13 8:07
Brandon Carlo 0 2 2 3 0 1 0 2 0 0 0/0 28:31 1:13 8:07
Brett Seney 0 0 0 0 0 1 1 0 2 0 0/0 5:54 0:00 0:53
Christian Wolanin 0 0 0 -1 2 1 3 0 0 0 0/0 12:04 0:00 1:08
Conor Garland 0 0 0 0 0 0 0 0 0 1 0/0 5:18 0:00 0:00
Cristiano Digiacinto 0 0 0 0 0 0 0 0 0 0 0/0 1:51 0:05 0:00
Dalton Thrower 0 0 0 -1 0 3 0 2 0 1 0/0 20:43 0:46 4:48
Ilya Lyubushkin 0 0 0 -1 2 0 0 3 0 1 0/0 21:14 0:46 4:26
Jonny Brodzinski 0 0 0 1 0 2 1 1 0 1 2/4 11:12 0:00 0:16
Joonas Donskoi 0 1 1 1 2 0 1 0 0 0 0/0 13:49 0:55 0:00
Logan Shaw 0 1 1 -1 8 4 2 0 2 0 3/3 20:00 0:59 4:48
Maxime Macenauer 0 0 0 0 0 0 0 0 0 0 0/0 3:11 0:00 2:15
Reid Boucher 0 0 0 1 0 0 1 0 0 0 1/1 16:18 0:00 4:11
Robbie Russo 0 0 0 -1 0 0 0 2 0 0 0/0 10:00 0:00 0:00
Robby Fabbri 3 0 3 1 0 3 0 0 0 1 1/9 13:50 0:55 0:00
Sam Bennett 0 0 0 1 0 1 3 2 0 0 0/0 17:50 0:55 3:25
Sven Baertschi 0 1 1 -1 4 3 2 0 0 0 2/3 19:22 1:04 3:46
Valeri Nichushkin 1 0 1 1 0 1 1 0 0 1 0/0 11:09 0:00 0:00
Players Stats for Little Stars
Player Name G A P +/- PIM S H SB GA TA FO MP PP MP PK MP
------------------------------------------------------------------------------------
Adam Tambellini 0 0 0 0 0 1 1 1 0 0 0/0 15:49 5:41 0:00
Anton Cederholm 0 1 1 0 0 0 3 1 0 0 0/0 19:41 6:18 0:54
Daniel O'regan 0 0 0 0 0 1 1 0 1 0 3/9 15:49 5:41 0:00
Emile Poirier 1 0 1 1 0 3 0 0 1 1 0/0 9:18 0:02 0:00
Evgeny Kuznetsov 2 2 4 0 0 4 2 0 1 1 17/35 22:56 7:35 1:00
Ilya Mikheyev 0 0 0 0 0 2 1 1 0 1 0/0 16:31 5:41 0:26
Jason Dickinson 1 1 2 1 0 3 1 0 0 0 4/4 8:34 0:00 0:00
Jesse Joensuu 2 2 4 0 0 2 1 0 1 1 0/1 22:49 7:29 0:59
Joakim Nygard 0 0 0 -2 0 0 0 0 0 0 0/0 12:21 0:16 0:34
Patrick Wiercioch 0 0 0 0 0 0 2 1 0 2 0/0 26:48 7:00 1:05
Reece Willcox 1 0 1 0 0 3 0 2 0 0 0/0 19:41 6:18 0:54
Roman Horak 0 0 0 -2 0 0 1 1 1 0 2/4 11:22 0:00 0:33
Scott Kosmachuck 0 3 3 0 0 1 1 0 1 1 3/4 22:26 7:27 0:26
Sebastian Wannstrom 0 0 0 -2 2 1 2 0 0 1 0/0 11:12 0:00 0:00
Tucker Poolman 0 0 0 -1 0 1 1 0 0 0 0/0 13:31 0:00 0:00
Tyler Wotherspoon 0 1 1 0 0 3 2 2 0 0 0/0 26:48 7:00 1:05
Ville Pokka 0 0 0 -1 0 0 1 1 1 0 0/0 13:31 0:00 0:00
Zach Budish 0 2 2 1 0 5 0 0 1 0 0/0 8:53 0:02 0:00
3 Stars
1 - Evgeny Kuznetsov (Tex)
2 - Jesse Joensuu (Tex)
3 - Robby Fabbri (Rep)
Power Play
Mulligans - 0 on 1 Attempt(s) - 0.00%
Little Stars - 3 on 9 Attempt(s) - 33.33%
Penalty Kill
Mulligans - 6 on 9 Attempt(s) - 66.67%
- Score 0 goal in Penalty Kill
Little Stars - 1 on 1 Attempt(s) - 100.00%
- Score 0 goal in Penalty Kill
Team Stat
Mulligans - Hits : 20 - Faceoff Wins : 28 - Blocked Shots : 14 - Penalty Minutes : 18
Little Stars - Hits : 20 - Faceoff Wins : 29 - Blocked Shots : 10 - Penalty Minutes : 2
Official
Referees : Unknown
Linesman : Unknown
Game Notes
Juuse Saros enters game at 9:34 of 2nd period
Robby Fabbri has scored a Hat Trick!
Finance
Level 1 -- Attendance: 1295 (64.75%) -- Ticket Income $51,800
Level 2 -- Attendance: 609 (60.90%) -- Ticket Income $12,180
Total Attendance: 1904 (63.47%)
Total Ticket Income: $63,980
Other Income: $3,199
Total Income: $67,179
Mulligans
5 vs 5 Forward
Center Left Wing Right Wing Time % Phy DF OF
1 Anton Lander Sven Baertschi Logan Shaw 40 1 2 2
2 Robby Fabbri Sam Bennett Joonas Donskoi 30 1 2 2
3 Jonny Brodzinski Reid Boucher Valeri Nichushkin 20 1 2 2
4 Anton Lander Brett Seney Conor Garland 10 1 2 2
5 vs 5 Defense
Defense Defense Time % Phy DF OF
1 Ben Hutton Brandon Carlo 40 1 2 2
2 Dalton Thrower Ilya Lyubushkin 30 1 2 2
3 Robbie Russo Christian Wolanin 20 1 2 2
4 Ben Hutton Brandon Carlo 10 1 2 2
PowerPlay Forward
Center Left Wing Right Wing Time % Phy DF OF
1 Anton Lander Sven Baertschi Logan Shaw 60 1 2 2
2 Robby Fabbri Sam Bennett Joonas Donskoi 40 1 2 2
PowerPlay Defense
Defense Defense Time % Phy DF OF
1 Ben Hutton Brandon Carlo 60 1 2 2
2 Dalton Thrower Ilya Lyubushkin 40 1 2 2
Penalty Kill 4 Players Forward
Center Wing Time % Phy DF OF
1 Anton Lander Logan Shaw 60 1 2 2
2 Sven Baertschi Sam Bennett 40 1 2 2
Penalty Kill 4 Players Defense
Defense Defense Time % Phy DF OF
1 Ben Hutton Brandon Carlo 60 1 2 2
2 Dalton Thrower Ilya Lyubushkin 40 1 2 2
Penalty Kill - 3 Players Forward
Forward Time % Phy DF OF
1 Anton Lander 60 1 2 2
2 Logan Shaw 40 1 2 2
Penalty Kill - 3 Players Defense
Defense Defense Time % Phy DF OF
1 Ben Hutton Brandon Carlo 60 1 2 2
2 Dalton Thrower Ilya Lyubushkin 40 1 2 2
4 vs 4 Forward
Center Wing Time % Phy DF OF
1 Anton Lander Logan Shaw 60 1 2 2
2 Sven Baertschi Sam Bennett 40 1 2 2
4 vs 4 Defense
Defense Defense Time % Phy DF OF
1 Ben Hutton Brandon Carlo 60 1 2 2
2 Dalton Thrower Ilya Lyubushkin 40 1 2 2
Last Minutes Offensive
Center Left Wing Right Wing Defense Defense
Anton Lander Sven Baertschi Logan Shaw Ben Hutton Brandon Carlo
Last Minutes Defensive
Center Left Wing Right Wing Defense Defense
Anton Lander Sven Baertschi Logan Shaw Ben Hutton Brandon Carlo
Goaltenders
Starting : Calvin Pickard
Backup : Juuse Saros
Extra Forwards
Normal : Cristiano Digiacinto, Valeri Nichushkin, Reid Boucher - PP : Cristiano Digiacinto, Valeri Nichushkin - PK : Reid Boucher
Extra Defensemen
Normal : Robbie Russo, Christian Wolanin, Dalton Thrower - PP : Robbie Russo - PK : Christian Wolanin, Dalton Thrower
Penalty Shots
Anton Lander, Logan Shaw, Sven Baertschi, Sam Bennett, Joonas Donskoi
Scratches
Darren Dietz (Healthy)
Little Stars
5 vs 5 Forward
Center Left Wing Right Wing Time % Phy DF OF
1 Evgeny Kuznetsov Jesse Joensuu Scott Kosmachuck 40 0 2 3
2 Daniel O'regan Adam Tambellini Ilya Mikheyev 30 0 2 3
3 Roman Horak Joakim Nygard Sebastian Wannstrom 20 1 2 2
4 Jason Dickinson Emile Poirier Zach Budish 10 1 2 2
5 vs 5 Defense
Defense Defense Time % Phy DF OF
1 Tyler Wotherspoon Patrick Wiercioch 40 1 2 2
2 Reece Willcox Anton Cederholm 30 1 2 2
3 Ville Pokka Tucker Poolman 20 1 2 2
4 Tyler Wotherspoon Patrick Wiercioch 10 1 2 2
PowerPlay Forward
Center Left Wing Right Wing Time % Phy DF OF
1 Evgeny Kuznetsov Jesse Joensuu Scott Kosmachuck 60 0 1 4
2 Daniel O'regan Adam Tambellini Ilya Mikheyev 40 0 1 4
PowerPlay Defense
Defense Defense Time % Phy DF OF
1 Tyler Wotherspoon Patrick Wiercioch 60 1 2 2
2 Reece Willcox Anton Cederholm 40 1 2 2
Penalty Kill 4 Players Forward
Center Wing Time % Phy DF OF
1 Evgeny Kuznetsov Jesse Joensuu 60 0 3 2
2 Scott Kosmachuck Ilya Mikheyev 40 0 3 2
Penalty Kill 4 Players Defense
Defense Defense Time % Phy DF OF
1 Tyler Wotherspoon Patrick Wiercioch 60 0 3 2
2 Reece Willcox Anton Cederholm 40 0 3 2
Penalty Kill - 3 Players Forward
Forward Time % Phy DF OF
1 Evgeny Kuznetsov 60 0 3 2
2 Jesse Joensuu 40 0 3 2
Penalty Kill - 3 Players Defense
Defense Defense Time % Phy DF OF
1 Tyler Wotherspoon Patrick Wiercioch 60 0 3 2
2 Reece Willcox Anton Cederholm 40 0 3 2
4 vs 4 Forward
Center Wing Time % Phy DF OF
1 Evgeny Kuznetsov Jesse Joensuu 60 0 2 3
2 Scott Kosmachuck Ilya Mikheyev 40 0 2 3
4 vs 4 Defense
Defense Defense Time % Phy DF OF
1 Tyler Wotherspoon Patrick Wiercioch 60 1 2 2
2 Reece Willcox Anton Cederholm 40 1 2 2
Last Minutes Offensive
Center Left Wing Right Wing Defense Defense
Evgeny Kuznetsov Jesse Joensuu Scott Kosmachuck Tyler Wotherspoon Patrick Wiercioch
Last Minutes Defensive
Center Left Wing Right Wing Defense Defense
Evgeny Kuznetsov Jesse Joensuu Scott Kosmachuck Tyler Wotherspoon Patrick Wiercioch
Goaltenders
Starting : Connor Knapp
Backup : Dustin Tokarski
Extra Forwards
Normal : Joakim Nygard, Emile Poirier, Sebastian Wannstrom - PP : Joakim Nygard, Emile Poirier - PK : Sebastian Wannstrom
Extra Defensemen
Normal : Reece Willcox, Tucker Poolman, Ville Pokka - PP : Reece Willcox - PK : Tucker Poolman, Reece Willcox
Penalty Shots
Evgeny Kuznetsov, Jesse Joensuu, Scott Kosmachuck, Ilya Mikheyev, Adam Tambellini
Scratches
Michael Mersch (Broken Nose Injury), Lawrence Pilut (Healthy), Justin Auger (Healthy), Eric Knodel (Broken Nose Injury), Dana Tyrell (Broken Bone (Right Ankle) Injury)
Rudolfs Balcers (Healthy), Yakov Trenin (Healthy), Jean-Christophe Beaudin (Healthy), Daniil Tarasov (Healthy), Shane Gersich (Healthy)
Radel Fazleev (Healthy), Julien Nantel (Healthy), Peter Delmas (Healthy)
% Time on Ice - Mulligans
Lines # - Real PCT - Wanted PCT - Time Play
Normal Forward
1 - 35% - 40% - 15:35
2 - 30% - 30% - 13:30
3 - 24% - 20% - 10:56
4 - 11% - 10% - 4:42
Normal Defense
1 - 40% - 40% - 18:00
2 - 34% - 30% - 15:09
3 - 22% - 20% - 10:00
4 - 4% - 10% - 1:34
PP Forward
1 - 54% - 60% - 1:04
2 - 46% - 40% - 0:55
PP Defense
1 - 61% - 60% - 1:13
2 - 39% - 40% - 0:46
PK Forward
1 - 73% - 60% - 9:44
2 - 27% - 40% - 3:34
PK Defense
1 - 64% - 60% - 8:30
2 - 36% - 40% - 4:48
PK3 Forward
1 - 0% - 60%
2 - 0% - 40%
PK3 Defense
1 - 0% - 60%
2 - 0% - 40%
44 Forward
1 - 0% - 60%
2 - 0% - 40%
44 Defense
1 - 0% - 60%
2 - 0% - 40%
Last Minute Offensive - 0:00
Last Minute Defensive - 0:00
Total
Forward - 60:00
Defense - 60:00
|
% Time on Ice - Little Stars
Lines # - Real PCT - Wanted PCT - Time Play
Normal Forward
1 - 34% - 40% - 15:20
2 - 23% - 30% - 10:08
3 - 24% - 20% - 10:41
4 - 19% - 10% - 8:34
Normal Defense
1 - 40% - 40% - 17:50
2 - 28% - 30% - 12:29
3 - 30% - 20% - 13:31
4 - 2% - 10% - 0:53
PP Forward
1 - 57% - 60% - 7:37
2 - 43% - 40% - 5:41
PP Defense
1 - 53% - 60% - 7:00
2 - 47% - 40% - 6:18
PK Forward
1 - 78% - 60% - 1:33
2 - 22% - 40% - 0:26
PK Defense
1 - 55% - 60% - 1:05
2 - 45% - 40% - 0:54
PK3 Forward
1 - 0% - 60%
2 - 0% - 40%
PK3 Defense
1 - 0% - 60%
2 - 0% - 40%
44 Forward
1 - 0% - 60%
2 - 0% - 40%
44 Defense
1 - 0% - 60%
2 - 0% - 40%
Last Minute Offensive - 0:00
Last Minute Defensive - 0:00
Total
Forward - 60:00
Defense - 60:00
|
Play-by-Play
1st period
0:01 of 1st period - Anton Lander wins face-off versus Evgeny Kuznetsov in neutral zone.
0:14 of 1st period - Slapshot by Anton Lander.
0:14 of 1st period - Deflect By Logan Shaw.
0:14 of 1st period - Stopped by Connor Knapp with a rebound.
0:41 of 1st period - Wrist shot by Adam Tambellini.
0:41 of 1st period - Stopped by Calvin Pickard without a rebound.
0:42 of 1st period - Reid Boucher wins face-off versus Roman Horak in Mulligans zone.
1:19 of 1st period - Anton Cederholm is hit by Brett Seney and loses puck.
1:30 of 1st period - Snap shot by Evgeny Kuznetsov.
1:30 of 1st period - Goal by Evgeny Kuznetsov - Mulligans : 0 - Little Stars : 1.
1:31 of 1st period - Anton Lander wins face-off versus Daniel O'regan in neutral zone.
2:04 of 1st period - Wrist shot by Robby Fabbri.
2:04 of 1st period - Shot Misses the Net.
2:27 of 1st period - Wrist shot by Jesse Joensuu.
2:27 of 1st period - Shot Misses the Net.
2:49 of 1st period - Snap shot by Sebastian Wannstrom.
2:49 of 1st period - Stopped by Calvin Pickard without a rebound.
2:50 of 1st period - Robby Fabbri wins face-off versus Daniel O'regan in Mulligans zone.
2:50 of 1st period - Robby Fabbri is hit by Daniel O'regan.
3:17 of 1st period - Logan Shaw is hit by Roman Horak and loses puck.
3:23 of 1st period - Icing by Dalton Thrower.
3:24 of 1st period - Evgeny Kuznetsov wins face-off versus Anton Lander in Mulligans zone.
3:25 of 1st period - Snap shot by Scott Kosmachuck.
3:25 of 1st period - Shot Misses the Net.
3:27 of 1st period - Snap shot by Jesse Joensuu.
3:27 of 1st period - Shot Hit the Post.
3:33 of 1st period - Snap shot by Evgeny Kuznetsov.
3:33 of 1st period - Shot Misses the Net.
3:35 of 1st period - Slapshot by Reece Willcox.
3:35 of 1st period - Deflect By Logan Shaw.
3:35 of 1st period - Stopped by Calvin Pickard with a rebound.
4:12 of 1st period - Patrick Wiercioch is hit by Christian Wolanin and loses puck.
4:34 of 1st period - Patrick Wiercioch is hit by Christian Wolanin and loses puck.
5:22 of 1st period - Wrist shot by Logan Shaw.
5:22 of 1st period - Shot Blocked by Ilya Mikheyev.
6:14 of 1st period - Snap shot by Evgeny Kuznetsov.
6:14 of 1st period - Shot Blocked by Dalton Thrower.
6:18 of 1st period - Wrist shot by Evgeny Kuznetsov.
6:18 of 1st period - Stopped by Calvin Pickard without a rebound.
6:19 of 1st period - Jonny Brodzinski wins face-off versus Daniel O'regan in Mulligans zone.
6:24 of 1st period - Anton Cederholm is hit by Valeri Nichushkin.
6:44 of 1st period - Anton Lander is hit by Evgeny Kuznetsov and loses puck.
8:32 of 1st period - Zach Budish is hit by Jonny Brodzinski.
8:42 of 1st period - Snap shot by Zach Budish.
8:42 of 1st period - Stopped by Calvin Pickard without a rebound.
8:43 of 1st period - Evgeny Kuznetsov wins face-off versus Anton Lander in Mulligans zone.
8:44 of 1st period - Snap shot by Jesse Joensuu.
8:44 of 1st period - Shot Misses the Net.
8:46 of 1st period - Minor Penalty to Logan Shaw for Holding.
8:47 of 1st period - Anton Lander wins face-off versus Evgeny Kuznetsov in Mulligans zone.
10:07 of 1st period - Ilya Mikheyev is hit by Reid Boucher and loses puck.
10:46 of 1st period - Penalty to Logan Shaw is over, Logan Shaw is back on ice.
12:07 of 1st period - Adam Tambellini is hit by Sven Baertschi and loses puck.
12:46 of 1st period - Backhand shot by Sam Bennett.
12:46 of 1st period - Shot Misses the Net.
13:14 of 1st period - Joakim Nygard is hit by Anton Lander and loses puck.
14:00 of 1st period - Sven Baertschi is hit by Tucker Poolman and loses puck.
14:11 of 1st period - Sven Baertschi is hit by Tyler Wotherspoon and loses puck.
14:59 of 1st period - Wrist shot by Jason Dickinson.
14:59 of 1st period - Shot Blocked by Sam Bennett.
15:11 of 1st period - Snap shot by Joakim Nygard.
15:11 of 1st period - Shot Misses the Net.
15:13 of 1st period - Slapshot by Reece Willcox.
15:13 of 1st period - Shot Blocked by Robbie Russo.
16:08 of 1st period - Minor Penalty to Joonas Donskoi for Holding.
16:09 of 1st period - Anton Lander wins face-off versus Evgeny Kuznetsov in Mulligans zone.
16:24 of 1st period - Snap shot by Scott Kosmachuck.
16:24 of 1st period - Shot Blocked by Brandon Carlo.
16:40 of 1st period - Wrist shot by Ilya Mikheyev.
16:40 of 1st period - Stopped by Calvin Pickard without a rebound.
16:41 of 1st period - Sven Baertschi wins face-off versus Evgeny Kuznetsov in Mulligans zone.
16:46 of 1st period - Snap shot by Sven Baertschi.
16:46 of 1st period - Stopped by Connor Knapp with a rebound.
17:05 of 1st period - Snap shot by Logan Shaw.
17:05 of 1st period - Shot Blocked by Reece Willcox.
17:13 of 1st period - Snap shot by Scott Kosmachuck.
17:13 of 1st period - Shot Hit the Post.
17:15 of 1st period - Slapshot by Reece Willcox.
17:15 of 1st period - Shot Blocked by Brandon Carlo.
17:21 of 1st period - Wrist shot by Jesse Joensuu.
17:21 of 1st period - Shot Misses the Net.
17:23 of 1st period - Slapshot by Reece Willcox.
17:23 of 1st period - Deflect By Anton Lander.
17:23 of 1st period - Goal by Reece Willcox - Mulligans : 0 - Little Stars : 2.
17:24 of 1st period - Daniel O'regan wins face-off versus Anton Lander in neutral zone.
17:37 of 1st period - Off-side.
17:38 of 1st period - Anton Lander wins face-off versus Evgeny Kuznetsov in neutral zone.
17:41 of 1st period - Jesse Joensuu is hit by Ben Hutton.
17:51 of 1st period - Off-side.
17:52 of 1st period - Logan Shaw wins face-off versus Scott Kosmachuck in neutral zone.
18:24 of 1st period - Snap shot by Anton Lander.
18:24 of 1st period - Shot Misses the Net.
18:26 of 1st period - Slapshot by Dalton Thrower.
18:26 of 1st period - Stopped by Connor Knapp without a rebound.
18:27 of 1st period - Scott Kosmachuck wins face-off versus Robby Fabbri in Little Stars zone.
18:27 of 1st period - Scott Kosmachuck is hit by Sam Bennett.
19:24 of 1st period - Joakim Nygard is hit by Logan Shaw and loses puck.
Goals for this period are 0 for Mulligans vs 2 for Little Stars.
Shots for this period are 3 for Mulligans vs 8 for Little Stars.
2nd period
0:01 of 2nd period - Evgeny Kuznetsov wins face-off versus Anton Lander in neutral zone.
0:06 of 2nd period - Wrist shot by Evgeny Kuznetsov.
0:06 of 2nd period - Shot Misses the Net.
0:12 of 2nd period - Wrist shot by Anton Lander.
0:12 of 2nd period - Shot Blocked by Patrick Wiercioch.
0:14 of 2nd period - Backhand shot by Sven Baertschi.
0:14 of 2nd period - Shot Misses the Net.
0:16 of 2nd period - Snap shot by Logan Shaw.
0:16 of 2nd period - Deflect By Anton Lander.
0:16 of 2nd period - Goal by Anton Lander - Mulligans : 1 - Little Stars : 2.
0:17 of 2nd period - Evgeny Kuznetsov wins face-off versus Anton Lander in neutral zone.
0:24 of 2nd period - Snap shot by Scott Kosmachuck.
0:24 of 2nd period - Shot Misses the Net.
0:26 of 2nd period - Slapshot by Patrick Wiercioch.
0:26 of 2nd period - Deflect By Evgeny Kuznetsov.
0:26 of 2nd period - Shot Hit the Post.
0:26 of 2nd period - Puck is out of play.
0:27 of 2nd period - Anton Lander wins face-off versus Evgeny Kuznetsov in Mulligans zone.
0:53 of 2nd period - Icing by Anton Lander.
0:54 of 2nd period - Anton Lander wins face-off versus Daniel O'regan in Mulligans zone.
1:03 of 2nd period - Icing by Daniel O'regan.
1:04 of 2nd period - Daniel O'regan wins face-off versus Robby Fabbri in Little Stars zone.
1:13 of 2nd period - Slapshot by Adam Tambellini.
1:13 of 2nd period - Shot Misses the Net.
1:34 of 2nd period - Wrist shot by Logan Shaw.
1:34 of 2nd period - Stopped by Connor Knapp without a rebound.
1:35 of 2nd period - Anton Lander wins face-off versus Evgeny Kuznetsov in Little Stars zone.
1:44 of 2nd period - Backhand shot by Logan Shaw.
1:44 of 2nd period - Shot Misses the Net.
2:00 of 2nd period - Sam Bennett is hit by Sebastian Wannstrom and loses puck.
2:05 of 2nd period - Slapshot by Roman Horak.
2:05 of 2nd period - Shot Blocked by Dalton Thrower.
2:19 of 2nd period - Wrist shot by Jason Dickinson.
2:19 of 2nd period - Shot Misses the Net.
2:21 of 2nd period - Slapshot by Reece Willcox.
2:21 of 2nd period - Stopped by Calvin Pickard with a rebound.
2:23 of 2nd period - Slapshot by Anton Cederholm.
2:23 of 2nd period - Shot Blocked by Ilya Lyubushkin.
2:25 of 2nd period - Wrist shot by Emile Poirier.
2:25 of 2nd period - Shot Misses the Net.
2:27 of 2nd period - Wrist shot by Emile Poirier.
2:27 of 2nd period - Stopped by Calvin Pickard with a rebound.
2:43 of 2nd period - Snap shot by Anton Lander.
2:43 of 2nd period - Stopped by Connor Knapp with a rebound.
2:45 of 2nd period - Snap shot by Brett Seney.
2:45 of 2nd period - Shot Misses the Net.
2:47 of 2nd period - Snap shot by Anton Lander.
2:47 of 2nd period - Shot Blocked by Ville Pokka.
2:49 of 2nd period - Snap shot by Brett Seney.
2:49 of 2nd period - Stopped by Connor Knapp without a rebound.
2:50 of 2nd period - Evgeny Kuznetsov wins face-off versus Robby Fabbri in Little Stars zone.
2:57 of 2nd period - Snap shot by Robby Fabbri.
2:57 of 2nd period - Shot Blocked by Tyler Wotherspoon.
2:59 of 2nd period - Snap shot by Robby Fabbri.
2:59 of 2nd period - Goal by Robby Fabbri - Mulligans : 2 - Little Stars : 2.
3:00 of 2nd period - Anton Lander wins face-off versus Evgeny Kuznetsov in neutral zone.
3:12 of 2nd period - Minor Penalty to Logan Shaw for Hooking.
3:13 of 2nd period - Evgeny Kuznetsov wins face-off versus Anton Lander in Mulligans zone.
3:13 of 2nd period - Snap shot by Jesse Joensuu.
3:13 of 2nd period - Shot Misses the Net.
3:15 of 2nd period - Wrist shot by Jesse Joensuu.
3:15 of 2nd period - Goal by Jesse Joensuu - Mulligans : 2 - Little Stars : 3.
3:16 of 2nd period - Evgeny Kuznetsov wins face-off versus Anton Lander in neutral zone.
3:20 of 2nd period - Off-side.
3:21 of 2nd period - Anton Lander wins face-off versus Evgeny Kuznetsov in neutral zone.
3:49 of 2nd period - Wrist shot by Jonny Brodzinski.
3:49 of 2nd period - Stopped by Connor Knapp without a rebound.
3:50 of 2nd period - Jonny Brodzinski wins face-off versus Daniel O'regan in Little Stars zone.
4:05 of 2nd period - Wrist shot by Adam Tambellini.
4:05 of 2nd period - Shot Blocked by Ilya Lyubushkin.
4:15 of 2nd period - Reece Willcox is hit by Sven Baertschi and loses puck.
4:38 of 2nd period - Snap shot by Jason Dickinson.
4:38 of 2nd period - Stopped by Calvin Pickard without a rebound.
4:39 of 2nd period - Jason Dickinson wins face-off versus Robby Fabbri in Mulligans zone.
4:40 of 2nd period - Snap shot by Zach Budish.
4:40 of 2nd period - Stopped by Calvin Pickard with a rebound.
4:42 of 2nd period - Slapshot by Jason Dickinson.
4:42 of 2nd period - Shot Misses the Net.
6:22 of 2nd period - Robbie Russo is hit by Scott Kosmachuck and loses puck.
7:16 of 2nd period - Slapshot by Tyler Wotherspoon.
7:16 of 2nd period - Shot Misses the Net.
7:18 of 2nd period - Backhand shot by Tyler Wotherspoon.
7:18 of 2nd period - Deflect By Sam Bennett.
7:18 of 2nd period - Stopped by Calvin Pickard with a rebound.
7:20 of 2nd period - Snap shot by Tyler Wotherspoon.
7:20 of 2nd period - Stopped by Calvin Pickard without a rebound.
7:21 of 2nd period - Anton Lander wins face-off versus Evgeny Kuznetsov in Mulligans zone.
8:29 of 2nd period - Roman Horak is hit by Christian Wolanin and loses puck.
9:30 of 2nd period - Slapshot by Tyler Wotherspoon.
9:30 of 2nd period - Stopped by Calvin Pickard with a rebound.
9:32 of 2nd period - Snap shot by Zach Budish.
9:32 of 2nd period - Shot Misses the Net.
9:34 of 2nd period - Slapshot by Jason Dickinson.
9:34 of 2nd period - Goal by Jason Dickinson - Mulligans : 2 - Little Stars : 4.
9:34 of 2nd period - Juuse Saros enters game.
9:35 of 2nd period - Anton Lander wins face-off versus Evgeny Kuznetsov in neutral zone.
9:37 of 2nd period - Minor Penalty to Sven Baertschi for Holding.
9:38 of 2nd period - Anton Lander wins face-off versus Evgeny Kuznetsov in Mulligans zone.
9:54 of 2nd period - Backhand shot by Scott Kosmachuck.
9:54 of 2nd period - Shot Blocked by Ben Hutton.
11:37 of 2nd period - Penalty to Sven Baertschi is over, Sven Baertschi is back on ice.
12:06 of 2nd period - Dalton Thrower is hit by Ville Pokka and loses puck.
12:37 of 2nd period - Slapshot by Joonas Donskoi.
12:37 of 2nd period - Shot Misses the Net.
13:22 of 2nd period - Anton Cederholm is hit by Ben Hutton.
13:31 of 2nd period - Minor Penalty to Logan Shaw for Holding.
13:32 of 2nd period - Evgeny Kuznetsov wins face-off versus Anton Lander in Mulligans zone.
13:58 of 2nd period - Anton Lander is hit by Patrick Wiercioch and loses puck.
15:31 of 2nd period - Penalty to Logan Shaw is over, Logan Shaw is back on ice.
15:37 of 2nd period - Ilya Lyubushkin is hit by Anton Cederholm and loses puck.
15:53 of 2nd period - Off-side.
15:54 of 2nd period - Roman Horak wins face-off versus Robby Fabbri in neutral zone.
16:42 of 2nd period - Wrist shot by Zach Budish.
16:42 of 2nd period - Shot Blocked by Robbie Russo.
16:44 of 2nd period - Slapshot by Tucker Poolman.
16:44 of 2nd period - Stopped by Juuse Saros with a rebound.
16:46 of 2nd period - Snap shot by Emile Poirier.
16:46 of 2nd period - Stopped by Juuse Saros without a rebound.
16:47 of 2nd period - Anton Lander wins face-off versus Evgeny Kuznetsov in Mulligans zone.
17:00 of 2nd period - Snap shot by Evgeny Kuznetsov.
17:00 of 2nd period - Goal by Evgeny Kuznetsov - Mulligans : 2 - Little Stars : 5.
17:01 of 2nd period - Scott Kosmachuck wins face-off versus Anton Lander in neutral zone.
17:23 of 2nd period - Minor Penalty to Logan Shaw for Interference.
17:24 of 2nd period - Evgeny Kuznetsov wins face-off versus Anton Lander in Mulligans zone.
17:27 of 2nd period - Snap shot by Jesse Joensuu.
17:27 of 2nd period - Shot Blocked by Ben Hutton.
17:29 of 2nd period - Wrist shot by Jesse Joensuu.
17:29 of 2nd period - Goal by Jesse Joensuu - Mulligans : 2 - Little Stars : 6.
17:30 of 2nd period - Evgeny Kuznetsov wins face-off versus Sven Baertschi in neutral zone.
17:35 of 2nd period - Snap shot by Scott Kosmachuck.
17:35 of 2nd period - Stopped by Juuse Saros with a rebound.
17:37 of 2nd period - Minor Penalty to Sven Baertschi for Hooking.
17:38 of 2nd period - Scott Kosmachuck wins face-off versus Anton Lander in Mulligans zone.
19:37 of 2nd period - Penalty to Sven Baertschi is over, Sven Baertschi is back on ice.
19:43 of 2nd period - Snap shot by Jonny Brodzinski.
19:43 of 2nd period - Stopped by Connor Knapp with a rebound.
19:48 of 2nd period - Minor Penalty to Christian Wolanin for Holding.
19:49 of 2nd period - Evgeny Kuznetsov wins face-off versus Anton Lander in Mulligans zone.
Goals for this period are 2 for Mulligans vs 4 for Little Stars.
Shots for this period are 7 for Mulligans vs 14 for Little Stars.
3rd period
0:01 of 3rd period - Anton Lander wins face-off versus Evgeny Kuznetsov in neutral zone.
0:16 of 3rd period - Backhand shot by Evgeny Kuznetsov.
0:16 of 3rd period - Stopped by Juuse Saros with a rebound.
0:26 of 3rd period - Logan Shaw is hit by Adam Tambellini and loses puck.
1:16 of 3rd period - Reid Boucher is hit by Evgeny Kuznetsov and loses puck.
1:48 of 3rd period - Penalty to Christian Wolanin is over, Christian Wolanin is back on ice.
1:57 of 3rd period - Slapshot by Ben Hutton.
1:57 of 3rd period - Stopped by Connor Knapp with a rebound.
1:59 of 3rd period - Wrist shot by Christian Wolanin.
1:59 of 3rd period - Stopped by Connor Knapp with a rebound.
2:07 of 3rd period - Snap shot by Sam Bennett.
2:07 of 3rd period - Shot Misses the Net.
2:09 of 3rd period - Slapshot by Brandon Carlo.
2:09 of 3rd period - Shot Misses the Net.
2:15 of 3rd period - Wrist shot by Christian Wolanin.
2:15 of 3rd period - Shot Misses the Net.
2:17 of 3rd period - Snap shot by Ben Hutton.
2:17 of 3rd period - Stopped by Connor Knapp with a rebound.
2:19 of 3rd period - Slapshot by Sam Bennett.
2:19 of 3rd period - Shot Blocked by Tyler Wotherspoon.
2:21 of 3rd period - Snap shot by Sam Bennett.
2:21 of 3rd period - Deflect By Christian Wolanin.
2:21 of 3rd period - Deflect By Roman Horak.
2:21 of 3rd period - Shot Misses the Net.
2:21 of 3rd period - Puck is out of play.
2:22 of 3rd period - Jason Dickinson wins face-off versus Anton Lander in Little Stars zone.
2:22 of 3rd period - Jason Dickinson is hit by Anton Lander.
2:28 of 3rd period - Snap shot by Jason Dickinson.
2:28 of 3rd period - Shot Blocked by Ilya Lyubushkin.
2:53 of 3rd period - Icing by Ville Pokka.
2:54 of 3rd period - Evgeny Kuznetsov wins face-off versus Robby Fabbri in Little Stars zone.
3:05 of 3rd period - Wrist shot by Daniel O'regan.
3:05 of 3rd period - Stopped by Juuse Saros with a rebound.
3:07 of 3rd period - Wrist shot by Ilya Mikheyev.
3:07 of 3rd period - Stopped by Juuse Saros without a rebound.
3:08 of 3rd period - Evgeny Kuznetsov wins face-off versus Anton Lander in Mulligans zone.
3:34 of 3rd period - Jonny Brodzinski is hit by Tyler Wotherspoon and loses puck.
3:59 of 3rd period - Dalton Thrower is hit by Jason Dickinson and loses puck.
4:24 of 3rd period - Snap shot by Sven Baertschi.
4:24 of 3rd period - Deflect By Logan Shaw.
4:24 of 3rd period - Shot Blocked by Anton Cederholm.
4:24 of 3rd period - Puck is out of play.
4:25 of 3rd period - Sven Baertschi wins face-off versus Roman Horak in Little Stars zone.
4:30 of 3rd period - Slapshot by Anton Lander.
4:30 of 3rd period - Shot Misses the Net.
4:32 of 3rd period - Backhand shot by Logan Shaw.
4:32 of 3rd period - Deflect By Roman Horak.
4:32 of 3rd period - Stopped by Connor Knapp without a rebound.
4:33 of 3rd period - Anton Lander wins face-off versus Jesse Joensuu in Little Stars zone.
5:21 of 3rd period - Wrist shot by Anton Lander.
5:21 of 3rd period - Shot Misses the Net.
5:23 of 3rd period - Snap shot by Anton Lander.
5:23 of 3rd period - Stopped by Connor Knapp with a rebound.
5:25 of 3rd period - Wrist shot by Anton Lander.
5:25 of 3rd period - Shot Misses the Net.
5:27 of 3rd period - Snap shot by Brandon Carlo.
5:27 of 3rd period - Stopped by Connor Knapp with a rebound.
5:29 of 3rd period - Wrist shot by Anton Lander.
5:29 of 3rd period - Stopped by Connor Knapp with a rebound.
5:39 of 3rd period - Ilya Lyubushkin is hit by Anton Cederholm and loses puck.
5:58 of 3rd period - Zach Budish is hit by Joonas Donskoi and loses puck.
6:09 of 3rd period - Snap shot by Jason Dickinson.
6:09 of 3rd period - Stopped by Juuse Saros with a rebound.
6:11 of 3rd period - Slapshot by Emile Poirier.
6:11 of 3rd period - Goal by Emile Poirier - Mulligans : 2 - Little Stars : 7.
6:12 of 3rd period - Anton Lander wins face-off versus Evgeny Kuznetsov in neutral zone.
6:27 of 3rd period - Snap shot by Logan Shaw.
6:27 of 3rd period - Stopped by Connor Knapp with a rebound.
6:37 of 3rd period - Sam Bennett is hit by Patrick Wiercioch and loses puck.
7:15 of 3rd period - Icing by Ilya Lyubushkin.
7:16 of 3rd period - Jason Dickinson wins face-off versus Jonny Brodzinski in Mulligans zone.
7:19 of 3rd period - Slapshot by Jesse Joensuu.
7:19 of 3rd period - Deflect By Reid Boucher.
7:19 of 3rd period - Shot Blocked by Jonny Brodzinski.
7:19 of 3rd period - Puck is out of play.
7:20 of 3rd period - Evgeny Kuznetsov wins face-off versus Anton Lander in Mulligans zone.
7:31 of 3rd period - Tucker Poolman is hit by Logan Shaw and loses puck.
8:08 of 3rd period - Snap shot by Joakim Nygard.
8:08 of 3rd period - Shot Misses the Net.
8:14 of 3rd period - Wrist shot by Valeri Nichushkin.
8:14 of 3rd period - Goal by Valeri Nichushkin - Mulligans : 3 - Little Stars : 7.
8:15 of 3rd period - Logan Shaw wins face-off versus Evgeny Kuznetsov in neutral zone.
8:33 of 3rd period - Minor Penalty to Ilya Lyubushkin for Hooking.
8:34 of 3rd period - Anton Lander wins face-off versus Evgeny Kuznetsov in Mulligans zone.
9:09 of 3rd period - Dalton Thrower is hit by Ilya Mikheyev and loses puck.
9:26 of 3rd period - Snap shot by Sven Baertschi.
9:26 of 3rd period - Stopped by Connor Knapp with a rebound.
10:33 of 3rd period - Penalty to Ilya Lyubushkin is over, Ilya Lyubushkin is back on ice.
10:49 of 3rd period - Wrist shot by Sven Baertschi.
10:49 of 3rd period - Stopped by Connor Knapp with a rebound.
10:55 of 3rd period - Snap shot by Maxime Macenauer.
10:55 of 3rd period - Shot Misses the Net.
11:13 of 3rd period - Slapshot by Ben Hutton.
11:13 of 3rd period - Shot Blocked by Roman Horak.
11:15 of 3rd period - Slapshot by Jonny Brodzinski.
11:15 of 3rd period - Shot Misses the Net.
11:27 of 3rd period - Snap shot by Robby Fabbri.
11:27 of 3rd period - Goal by Robby Fabbri - Mulligans : 4 - Little Stars : 7.
11:28 of 3rd period - Evgeny Kuznetsov wins face-off versus Robby Fabbri in neutral zone.
12:36 of 3rd period - Snap shot by Sam Bennett.
12:36 of 3rd period - Shot Misses the Net.
12:38 of 3rd period - Slapshot by Sam Bennett.
12:38 of 3rd period - Stopped by Connor Knapp without a rebound.
12:39 of 3rd period - Evgeny Kuznetsov wins face-off versus Robby Fabbri in Little Stars zone.
12:39 of 3rd period - Evgeny Kuznetsov is hit by Sam Bennett.
13:05 of 3rd period - Anton Cederholm is hit by Sam Bennett and loses puck.
13:24 of 3rd period - Snap shot by Joonas Donskoi.
13:24 of 3rd period - Shot Misses the Net.
13:26 of 3rd period - Snap shot by Dalton Thrower.
13:26 of 3rd period - Stopped by Connor Knapp with a rebound.
13:30 of 3rd period - Snap shot by Sam Bennett.
13:30 of 3rd period - Shot Misses the Net.
13:32 of 3rd period - Slapshot by Dalton Thrower.
13:32 of 3rd period - Stopped by Connor Knapp with a rebound.
13:34 of 3rd period - Snap shot by Sam Bennett.
13:34 of 3rd period - Shot Misses the Net.
13:52 of 3rd period - Off-side.
13:53 of 3rd period - Daniel O'regan wins face-off versus Anton Lander in neutral zone.
14:04 of 3rd period - Slapshot by Ben Hutton.
14:04 of 3rd period - Stopped by Connor Knapp with a rebound.
14:06 of 3rd period - Snap shot by Sven Baertschi.
14:06 of 3rd period - Shot Misses the Net.
14:08 of 3rd period - Snap shot by Anton Lander.
14:08 of 3rd period - Shot Blocked by Adam Tambellini.
14:23 of 3rd period - Robbie Russo is hit by Sebastian Wannstrom and loses puck.
14:30 of 3rd period - Slapshot by Roman Horak.
14:30 of 3rd period - Shot Misses the Net.
14:37 of 3rd period - Icing by Christian Wolanin.
14:38 of 3rd period - Jason Dickinson wins face-off versus Anton Lander in Mulligans zone.
14:39 of 3rd period - Snap shot by Zach Budish.
14:39 of 3rd period - Stopped by Juuse Saros with a rebound.
14:41 of 3rd period - Wrist shot by Zach Budish.
14:41 of 3rd period - Stopped by Juuse Saros with a rebound.
14:51 of 3rd period - Wrist shot by Zach Budish.
14:51 of 3rd period - Stopped by Juuse Saros without a rebound.
14:52 of 3rd period - Anton Lander wins face-off versus Daniel O'regan in Mulligans zone.
15:17 of 3rd period - Brandon Carlo is hit by Jesse Joensuu and loses puck.
15:40 of 3rd period - Snap shot by Brandon Carlo.
15:40 of 3rd period - Shot Blocked by Reece Willcox.
15:42 of 3rd period - Snap shot by Robby Fabbri.
15:42 of 3rd period - Shot Misses the Net.
15:44 of 3rd period - Slapshot by Ben Hutton.
15:44 of 3rd period - Deflect By Robby Fabbri.
15:44 of 3rd period - Goal by Robby Fabbri - Mulligans : 5 - Little Stars : 7.
15:45 of 3rd period - Logan Shaw wins face-off versus Evgeny Kuznetsov in neutral zone.
16:08 of 3rd period - Icing by Scott Kosmachuck.
16:09 of 3rd period - Roman Horak wins face-off versus Jonny Brodzinski in Little Stars zone.
16:30 of 3rd period - Minor Penalty to Sebastian Wannstrom for Hooking.
16:31 of 3rd period - Evgeny Kuznetsov wins face-off versus Anton Lander in Little Stars zone.
16:31 of 3rd period - Evgeny Kuznetsov is hit by Anton Lander.
17:23 of 3rd period - Snap shot by Scott Kosmachuck.
17:23 of 3rd period - Shot Blocked by Sam Bennett.
18:30 of 3rd period - Penalty to Sebastian Wannstrom is over, Sebastian Wannstrom is back on ice.
18:49 of 3rd period - Wrist shot by Jonny Brodzinski.
18:49 of 3rd period - Shot Misses the Net.
19:59 of 3rd period - Valeri Nichushkin is hit by Anton Cederholm and loses puck.
Goals for this period are 3 for Mulligans vs 1 for Little Stars.
Shots for this period are 17 for Mulligans vs 8 for Little Stars.
Output by the SimonT Hockey Simulator (STHS) for Francois Prevost